TOP OF THE 1ST |
New Orleans Zephyrs batting - Pitching for El Paso Chihuahuas : LHP Jeff Troxel
|
Pitching: LHP Jeff Troxel
|
|
Batting: LHB David Doge
|
0-0: Called Strike 0-1: Ball 1-1: Swinging Strike 1-2: Strikes out looking
|
Batting: RHB Torquato Obawole
|
0-0: Ball 1-0: Ball 2-0: Ball 3-0: Base on Balls
|
Batting: RHB Adam McGurn
|
0-0: Ball Torquato Obawole is caught stealing 2nd base 2-4 1-0: Called Strike 1-1: Ball 2-1: Ground out 6-3 (Groundball, 6, EV 80.6 MPH)
|
Top of the 1st over - 0 runs, 0 hits, 0 errors, 0 left on base; New Orleans 0 - El Paso 0 |
BOTTOM OF THE 1ST |
El Paso Chihuahuas batting - Pitching for New Orleans Zephyrs : RHP Jorge Lopez
|
Pitching: RHP Jorge Lopez
|
|
Batting: RHB Lamberto Amicis
|
0-0: Ball 1-0: Reached on error, E6 (Groundball, 6, EV 81.2 MPH)
|
Batting: LHB Anthony Mosley
|
0-0: Called Strike 0-1: Foul Ball, location: 2F 0-2: SINGLE (Line Drive, 89M, EV 96.2 MPH) Lamberto Amicis to second
|
Batting: RHB Jose Morrissey
|
0-0: Ball 1-0: Ball 2-0: Fly out, F7 (Flyball, 78M, EV 100.0 MPH) Runner from 2nd tags up, SAFE at 3rd with throw by LF
|
Batting: LHB Hugo MacBeth
|
0-0: Swinging Strike 0-1: DOUBLE (Flyball, 78XD, EV 97.5 MPH) Lamberto Amicis scores Anthony Mosley to third
|
Batting: RHB Chase Briney
|
0-0: Ball 1-0: Foul Ball, location: 2F 1-1: Ball 2-1: Fly out, F4 (Popup, 4, EV 69.4 MPH)
|
Batting: LHB Carlos Cuellar
|
0-0: Called Strike 0-1: Called Strike 0-2: Ball 1-2: Ball Wild Pitch! Anthony Mosley scores Hugo MacBeth to third 2-2: Strikes out looking
|
Bottom of the 1st over - 2 runs, 2 hits, 1 error, 1 left on base; New Orleans 0 - El Paso 2 |
TOP OF THE 2ND |
New Orleans Zephyrs batting - Pitching for El Paso Chihuahuas : LHP Jeff Troxel
|
Pitching: RHP Rich Reinbolt
|
|
Batting: LHB Adam Durgin
|
0-0: Foul Ball, location: 2F 0-1: Ball 1-1: Ball 2-1: Ground out 4-3 (Groundball, 4, EV 83.1 MPH)
|
Batting: LHB Eric Bailey
|
0-0: Called Strike 0-1: Foul Ball, location: 2F 0-2: Ground out 4-3 (Groundball, 4S, EV 90.0 MPH)
|
Batting: RHB Rick Fell
|
0-0: Ball 1-0: Called Strike 1-1: Foul Ball, location: 2F 1-2: Ball 2-2: Foul Ball, location: 2F 2-2: Ball 3-2: SINGLE (Line Drive, 5L, EV 106.2 MPH)
|
Batting: RHB Isaiah Brockman
|
0-0: Called Strike 0-1: Swinging Strike 0-2: Hit by Pitch Rick Fell to second
|
Batting: RHB Masumitsu Sugiura
|
0-0: SINGLE (Groundball, 5D, EV 102.5 MPH) Rick Fell to third Isaiah Brockman to second Runner from 3rd tries for Home, SAFE, throw by LF to home
|
Batting: RHB John Jackson
|
0-0: Called Strike 0-1: Called Strike 0-2: Ball 1-2: Fielders Choice at 2nd, 6-4 (Groundball, 6, EV 99.4 MPH)
|
Top of the 2nd over - 1 run, 2 hits, 0 errors, 2 left on base; New Orleans 1 - El Paso 2 |
BOTTOM OF THE 2ND |
El Paso Chihuahuas batting - Pitching for New Orleans Zephyrs : RHP Jorge Lopez
|
Batting: RHB Andy Sheridan
|
0-0: Ball 1-0: Called Strike 1-1: Ball 2-1: Ball 3-1: Base on Balls
|
Batting: RHB Kiril Emeshin
|
0-0: Ball 1-0: Ball 2-0: Called Strike 2-1: SINGLE (Line Drive, 34, EV 96.9 MPH) Andy Sheridan to second
|
Batting: RHB Ryan Tatum
|
0-0: Called Strike 0-1: Swinging Strike 0-2: Strikes out swinging
|
Batting: RHB Lamberto Amicis
|
0-0: Swinging Strike 0-1: Swinging Strike 0-2: Strikes out swinging
|
Batting: LHB Anthony Mosley
|
0-0: Foul Ball, location: 2F 0-1: Fly out, F9 (Line Drive, 89S, EV 100.0 MPH)
|
Bottom of the 2nd over - 0 runs, 1 hit, 0 errors, 2 left on base; New Orleans 1 - El Paso 2 |
TOP OF THE 3RD |
New Orleans Zephyrs batting - Pitching for El Paso Chihuahuas : RHP Rich Reinbolt
|
Batting: LHB David Doge
|
0-0: Swinging Strike 0-1: Ground out 5-3 (Groundball, 56, EV 105.0 MPH)
|
Batting: RHB Torquato Obawole
|
0-0: Ball 1-0: Called Strike 1-1: Swinging Strike 1-2: Strikes out swinging
|
Batting: RHB Adam McGurn
|
0-0: Called Strike 0-1: Ball 1-1: Foul Ball, location: 2F 1-2: Strikes out swinging
|
Top of the 3rd over - 0 runs, 0 hits, 0 errors, 0 left on base; New Orleans 1 - El Paso 2 |
BOTTOM OF THE 3RD |
El Paso Chihuahuas batting - Pitching for New Orleans Zephyrs : RHP Jorge Lopez
|
Batting: RHB Jose Morrissey
|
0-0: Ball 1-0: Ground out 4-3 (Groundball, 4, EV 80.0 MPH)
|
Batting: LHB Hugo MacBeth
|
0-0: Foul Ball, location: 2F 0-1: Ball 1-1: Swinging Strike 1-2: Strikes out swinging
|
Batting: RHB Chase Briney
|
0-0: Called Strike 0-1: Called Strike 0-2: Foul Ball, location: 2F 0-2: Strikes out looking
|
Bottom of the 3rd over - 0 runs, 0 hits, 0 errors, 0 left on base; New Orleans 1 - El Paso 2 |
TOP OF THE 4TH |
New Orleans Zephyrs batting - Pitching for El Paso Chihuahuas : RHP Rich Reinbolt
|
Batting: LHB Adam Durgin
|
0-0: SINGLE (Line Drive, 8RS, EV 91.2 MPH)
|
Batting: LHB Eric Bailey
|
0-0: Fielders Choice at 2nd, 4-6 (Groundball, 4, EV 85.0 MPH)
|
Batting: RHB Rick Fell
|
0-0: Ball 1-0: Called Strike 1-1: Called Strike 1-2: Strikes out swinging
|
Batting: RHB Isaiah Brockman
|
0-0: Ball 1-0: Foul Ball, location: 2F 1-1: Ball 2-1: Ball 3-1: Fielders Choice at 2nd, 5-4 (Groundball, 56, EV 97.5 MPH)
|
Top of the 4th over - 0 runs, 1 hit, 0 errors, 1 left on base; New Orleans 1 - El Paso 2 |
BOTTOM OF THE 4TH |
El Paso Chihuahuas batting - Pitching for New Orleans Zephyrs : RHP Jorge Lopez
|
Batting: LHB Carlos Cuellar
|
0-0: Ball 1-0: Swinging Strike 1-1: Foul Ball, location: 2F 1-2: Strikes out swinging, 2-3 out at first.
|
Batting: RHB Andy Sheridan
|
0-0: Ball 1-0: Foul Ball, location: 2F 1-1: Swinging Strike 1-2: Foul Ball, location: 2F 1-2: Ball 2-2: SOLO HOME RUN (Flyball, 78XD, EV 103.1 MPH), Distance : 426 ft
|
Batting: RHB Kiril Emeshin
|
0-0: Called Strike 0-1: Ball 1-1: Ball 2-1: Ball 3-1: Ground out 5-3 (Groundball, 56S, EV 73.8 MPH)
|
Batting: RHB Ryan Tatum
|
0-0: Ball 1-0: Ball 2-0: Swinging Strike 2-1: Foul Ball, location: 2F 2-2: Foul Ball, location: 2F 2-2: Ball 3-2: Foul Ball, location: 2F 3-2: Strikes out swinging
|
Bottom of the 4th over - 1 run, 1 hit, 0 errors, 0 left on base; New Orleans 1 - El Paso 3 |
TOP OF THE 5TH |
New Orleans Zephyrs batting - Pitching for El Paso Chihuahuas : RHP Rich Reinbolt
|
Batting: RHB Masumitsu Sugiura
|
0-0: Ball 1-0: Foul Ball, location: 2F 1-1: Called Strike 1-2: Ball 2-2: Ball 3-2: Foul Ball, location: 2F 3-2: Fly out, F8 (Line Drive, 8LD, EV 93.1 MPH)
|
Batting: RHB John Jackson
|
0-0: Called Strike 0-1: Ball 1-1: Ball 2-1: Called Strike 2-2: Foul Ball, location: 2F 2-2: Ball 3-2: Foul Ball, location: 2F 3-2: Ground out 6-3 (Groundball, 6, EV 81.9 MPH)
|
Batting: LHB David Doge
|
0-0: Ground out 5-3 (Groundball, 56, EV 78.1 MPH)
|
Top of the 5th over - 0 runs, 0 hits, 0 errors, 0 left on base; New Orleans 1 - El Paso 3 |
BOTTOM OF THE 5TH |
El Paso Chihuahuas batting - Pitching for New Orleans Zephyrs : RHP Jorge Lopez
|
Batting: RHB Lamberto Amicis
|
0-0: Fly out, F8 (Flyball, 89M, EV 89.4 MPH)
|
Batting: LHB Anthony Mosley
|
0-0: Fly out, F8 (Flyball, 8RS, EV 88.8 MPH)
|
Batting: RHB Jose Morrissey
|
0-0: Foul Ball, location: 2F 0-1: Ball 1-1: Swinging Strike 1-2: SINGLE (Line Drive, 3D, EV 103.1 MPH)
|
Batting: LHB Hugo MacBeth
|
0-0: Called Strike 0-1: Ball 1-1: Called Strike 1-2: Ball 2-2: Ball 3-2: Foul Ball, location: 2F 3-2: Base on Balls Jose Morrissey to second
|
Pitching: RHP Alberto Negrete
|
|
Batting: RHB Chase Briney
|
0-0: Called Strike 0-1: Foul Ball, location: 2F 0-2: Ball 1-2: Ball 2-2: Ball 3-2: Ground out 5-3 (Groundball, 56S, EV 90.0 MPH)
|
Bottom of the 5th over - 0 runs, 1 hit, 0 errors, 2 left on base; New Orleans 1 - El Paso 3 |
TOP OF THE 6TH |
New Orleans Zephyrs batting - Pitching for El Paso Chihuahuas : RHP Rich Reinbolt
|
Pitching: RHP Adrian de la Cerda
|
|
Batting: RHB Torquato Obawole
|
0-0: Called Strike 0-1: Ball 1-1: Ground out 5-3 (Groundball, 5, EV 110.6 MPH)
|
Batting: RHB Adam McGurn
|
0-0: Called Strike 0-1: Ball 1-1: Swinging Strike 1-2: Foul Ball, location: 2F 1-2: Foul Ball, location: 2F 1-2: Foul Ball, location: 2F 1-2: SINGLE (Groundball, 4MD, EV 106.9 MPH)
|
Pitching: LHP Darby Jones
|
|
Batting: LHB Adam Durgin
|
0-0: Foul Ball, location: 2F 0-1: Called Strike 0-2: Ball Adam McGurn is caught stealing 2nd base 2-6 1-2: Foul Ball, location: 2F 1-2: Ball 2-2: Ball 3-2: Foul Ball, location: 2F 3-2: Ground out 6-3 (Groundball, 56D, EV 103.8 MPH)
|
Top of the 6th over - 0 runs, 1 hit, 0 errors, 0 left on base; New Orleans 1 - El Paso 3 |
BOTTOM OF THE 6TH |
El Paso Chihuahuas batting - Pitching for New Orleans Zephyrs : RHP Alberto Negrete
|
Batting: LHB Carlos Cuellar
|
0-0: Ground out 2-3 (Groundball, 2L, EV 68.8 MPH)
|
Batting: RHB Andy Sheridan
|
0-0: Ball 1-0: Ball 2-0: Foul Ball, location: 2F 2-1: Fly out, F4 (Flyball, 34D, EV 93.1 MPH)
|
Batting: RHB Kiril Emeshin
|
0-0: Swinging Strike 0-1: Foul Ball, location: 2F 0-2: Strikes out swinging
|
Bottom of the 6th over - 0 runs, 0 hits, 0 errors, 0 left on base; New Orleans 1 - El Paso 3 |
TOP OF THE 7TH |
New Orleans Zephyrs batting - Pitching for El Paso Chihuahuas : LHP Darby Jones
|
Batting: LHB Eric Bailey
|
0-0: Ball 1-0: Ball 2-0: Fly out, F8 (Flyball, 8LXD, EV 83.8 MPH)
|
Pitching: RHP Nate Ragain
|
|
Batting: RHB Rick Fell
|
0-0: Ball 1-0: Called Strike 1-1: Fly out, F8 (Flyball, 89S, EV 89.4 MPH)
|
Batting: RHB Isaiah Brockman
|
0-0: Foul Ball, location: 2F 0-1: Ground out 5-3 (Groundball, 5, EV 96.9 MPH)
|
Top of the 7th over - 0 runs, 0 hits, 0 errors, 0 left on base; New Orleans 1 - El Paso 3 |
BOTTOM OF THE 7TH |
El Paso Chihuahuas batting - Pitching for New Orleans Zephyrs : RHP Alberto Negrete
|
Batting: RHB Ryan Tatum
|
0-0: Called Strike 0-1: Called Strike 0-2: Foul Ball, location: 2F 0-2: Ball 1-2: Strikes out swinging
|
Batting: RHB Lamberto Amicis
|
0-0: Swinging Strike 0-1: Ball 1-1: Swinging Strike 1-2: Strikes out swinging
|
Batting: LHB Anthony Mosley
|
0-0: Ball 1-0: Swinging Strike 1-1: Called Strike 1-2: Strikes out swinging
|
Bottom of the 7th over - 0 runs, 0 hits, 0 errors, 0 left on base; New Orleans 1 - El Paso 3 |
TOP OF THE 8TH |
New Orleans Zephyrs batting - Pitching for El Paso Chihuahuas : RHP Nate Ragain
|
Batting: RHB Masumitsu Sugiura
|
0-0: Ball 1-0: Foul Ball, location: 2F 1-1: Fly out, F7 (Flyball, 7, EV 93.8 MPH)
|
Batting: RHB John Jackson
|
0-0: Fly out, F3 (Popup, 3F, EV 66.9 MPH)
|
Batting: LHB David Doge
|
0-0: Called Strike 0-1: Called Strike 0-2: Ball 1-2: Foul Ball, location: 2F 1-2: Strikes out swinging
|
Top of the 8th over - 0 runs, 0 hits, 0 errors, 0 left on base; New Orleans 1 - El Paso 3 |
BOTTOM OF THE 8TH |
El Paso Chihuahuas batting - Pitching for New Orleans Zephyrs : RHP Alberto Negrete
|
Pitching: RHP Matt Murray
|
|
Batting: RHB Jose Morrissey
|
0-0: Foul Ball, location: 2F 0-1: Swinging Strike 0-2: Ball 1-2: Foul Ball, location: 2F 1-2: Strikes out swinging
|
Batting: LHB Hugo MacBeth
|
0-0: SINGLE (Line Drive, 8LS, EV 96.2 MPH)
|
Batting: RHB Chase Briney
|
0-0: Ball 1-0: Called Strike 1-1: SINGLE (Groundball, 6D, EV 93.8 MPH) Hugo MacBeth to second
|
Batting: LHB Carlos Cuellar
|
0-0: Foul Ball, location: 2F 0-1: Ball Wild Pitch! Hugo MacBeth to third Chase Briney to second 1-1: Ball 2-1: Foul Ball, location: 2F 2-2: Strikes out swinging
|
Batting: RHB Andy Sheridan
|
0-0: Swinging Strike 0-1: Ball 1-1: Ball 2-1: Ground out 4-3 (Groundball, 4MD, EV 101.2 MPH)
|
Bottom of the 8th over - 0 runs, 2 hits, 0 errors, 2 left on base; New Orleans 1 - El Paso 3 |
TOP OF THE 9TH |
New Orleans Zephyrs batting - Pitching for El Paso Chihuahuas : RHP Nate Ragain
|
Pitching: RHP Ching Ge
|
|
Now at 1B: Jose Morrissey
|
|
Now at 3B: Matt Fabre
|
|
Batting: RHB Torquato Obawole
|
0-0: Foul Ball, location: 2F 0-1: Ball 1-1: Foul Ball, location: 2F 1-2: Strikes out swinging
|
Batting: RHB Adam McGurn
|
0-0: Foul Ball, location: 2F 0-1: Foul Ball, location: 2F 0-2: Ball 1-2: Ground out 6-3 (Groundball, 6, EV 84.4 MPH)
|
Batting: LHB Adam Durgin
|
0-0: Called Strike 0-1: Ground out 6-3 (Groundball, 6M, EV 85.6 MPH)
|
Top of the 9th over - 0 runs, 0 hits, 0 errors, 0 left on base; New Orleans 1 - El Paso 3 |
|